 Dungeon Crawl Stone Soup version 0.21.0 (webtiles) character file.

454 Helmschank the Ruffian (level 6, -9/55 HPs)
             Began as a Troll Hunter on Jan 7, 2018.
             Mangled by an ogre
             ... wielding a +0 giant club
              (27 damage)
             ... on level 4 of the Dungeon.
             The game lasted 00:10:16 (3102 turns).

Helmschank the Ruffian (Troll Hunter)               Turns: 3102, Time: 00:10:16

Health: -9/55      AC:  5    Str: 22    XL:     6   Next: 76%
Magic:  5/5        EV: 10    Int:  7    God:
Gold:   183        SH:  0    Dex: 11    Spells: 5/5 levels left

rFire    . . .     SeeInvis .     - Unarmed
rCold    . . .     Gourm    +   (no shield)
rNeg     . . .     Faith    .   b - +0 robe
rPois    .         Spirit   .   (helmet restricted)
rElec    .         Reflect  .   (no cloak)
rCorr    .         Harm     .   (gloves unavailable)
MR       .....                  (boots unavailable)
Stlth    +.........             (no amulet)
HPRegen  0.58/turn              (no ring)
MPRegen  0.09/turn              (no ring)

@: no status effects
A: large, unfitting armour, claws 3, fast metabolism 3, gourmand, regeneration
1, shaggy fur 1, tough skin 2
a: no special abilities


You were on level 4 of the Dungeon.
You were completely stuffed.

You visited 1 branch of the dungeon, and saw 4 of its levels.

You collected 183 gold pieces.

Inventory:

Hand Weapons
 a - a +0 short sword
Missiles
 d - 2 throwing nets
 o - 15 poisoned needles
 U - 110 stones (quivered)
 Z - 5 large rocks
Armour
 b - a +0 robe (worn)
Wands
 v - a wand of random effects (24)
 w - a wand of acid (7)
Scrolls
 c - 7 scrolls of remove curse {unknown}
 g - 6 scrolls of identify {unknown}
 j - 4 scrolls of teleportation {unknown}
 k - a scroll of enchant armour {unknown}
 n - 2 scrolls of enchant weapon {unknown}
 p - a scroll of amnesia {unknown}
 r - a scroll of blinking {unknown}
 s - 2 scrolls of immolation {unknown}
Potions
 e - a potion of heal wounds {unknown}
 h - 4 potions of curing
 i - 2 potions of flight {unknown}
 l - a potion of agility {unknown}
 m - 2 potions of ambrosia {unknown}
 q - 2 potions of magic {unknown}
 t - a potion of lignification {unknown}
Comestibles
 f - 7 rations
 u - 2 chunks of flesh


   Skills:
 - Level 1.5 Fighting
 - Level 3.6 Throwing
 - Level 1.5 Dodging
 - Level 0.3 Stealth
 + Level 7.0 Unarmed Combat


You had 5 spell levels left.
You didn't know any spells.

Dungeon Overview and Level Annotations

Branches:
Dungeon (4/15)
 Temple: D:4-7

Altars:
Hepliaklqana
Makhleb
Okawaru
Qazlal
Ru
Xom

Annotations:
D:4 Duvessa; rgaf's ghost, amateur GrGl


Innate Abilities, Weirdness & Mutations

You are too large for most types of armour.
You have claws for hands.
Your metabolism is lightning-fast.
You like to eat raw meat.
Your natural rate of healing is unusually fast.
You are covered in fur. (AC +1)
You have very tough skin. (AC +2)


Message History

You scratch the ogre.
The ogre is lightly wounded.
You barely miss the ogre.
The ogre is lightly wounded.
The ogre hits you with a giant club!
You take 10 damage, and have 39/55 hp.
You scratch the ogre.
The ogre is moderately wounded.
The ogre closely misses you.
You claw the ogre!
The ogre is heavily wounded.
You scratch the ogre.
The ogre is severely wounded.
The ogre hits you with a giant club!!
You take 23 damage, and have 17/55 hp.
MASSIVE DAMAGE!!
You are too injured to fight recklessly!
You barely miss the ogre.
The ogre is severely wounded.
The ogre hits you with a giant club!!
You die...

## ..
#.#####.#####
#...O@.......
#...#...#....#.
# #...# ..)#
...... ..#
.....## .#
#...... ..
##..... ....#
... # #.....
..... #.. .
...... #.#


You could see an ogre.

Vanquished Creatures
  An ogre (D:4)
  Dowan (D:4)
  A hound (D:4)
  An orc wizard (D:3)
  2 centaur skeletons (D:4)
  An orc priest (D:3)
  Jessica (D:3)
  Robin (D:3)
  2 adders
  3 gnolls (D:2)
  4 oozes
  A dart slug (D:1)
  3 leopard geckos
  2 orcs (D:3)
  4 giant cockroaches
  13 goblins
  6 hobgoblins
  6 jackals
  6 bats
  9 frilled lizards
  8 kobolds
  4 rats
80 creatures vanquished.

Notes
Turn   | Place    | Note
-------+----------+-------------------------------------------
     0 | D:1      | Helmschank the Troll Hunter began the quest for the Orb.
     0 | D:1      | Reached XP level 1. HP: 19/19 MP: 0/0
     7 | D:1      | Reached skill level 1 in Unarmed Combat
    34 | D:1      | Reached XP level 2. HP: 24/27 MP: 1/1
    71 | D:1      | Reached skill level 2 in Unarmed Combat
   284 | D:1      | Reached XP level 3. HP: 33/33 MP: 2/2
   548 | D:2      | Reached skill level 3 in Unarmed Combat
   782 | D:2      | Reached XP level 4. HP: 14/41 MP: 3/3
  1095 | D:2      | Reached skill level 4 in Unarmed Combat
  1264 | D:2      | Found a burning altar of Makhleb.
  1264 | D:2      | Noticed a balrug
  1267 | D:2      | Noticed a hellwing
  1267 | D:2      | Noticed a hellwing
  1766 | D:3      | Noticed Jessica
  1770 | D:3      | Killed Jessica
  1849 | D:3      | Reached XP level 5. HP: 48/48 MP: 4/4
  1858 | D:3      | Found a hazy altar of Hepliaklqana.
  1858 | D:3      | Found a shimmering altar of Xom.
  1858 | D:3      | Found a stormy altar of Qazlal.
  1877 | D:3      | Found a sacrificial altar of Ru.
  1880 | D:3      | Found an iron altar of Okawaru.
  1908 | D:3      | Noticed Robin
  1953 | D:3      | Killed Robin
  1958 | D:3      | Reached skill level 5 in Unarmed Combat
  2703 | D:4      | Noticed an ogre
  2706 | D:4      | Killed an ogre
  2714 | D:4      | Reached skill level 6 in Unarmed Combat
  2714 | D:4      | Reached XP level 6. HP: 44/55 MP: 5/5
  2929 | D:4      | Noticed Dowan
  2947 | D:4      | Noticed rgaf's ghost (amateur GrGl)
  2955 | D:4      | Killed Dowan
  2960 | D:4      | Noticed Duvessa
  3071 | D:3      | Reached skill level 7 in Unarmed Combat
  3102 | D:4      | Mangled by an ogre

Skill      XL: |  1  2  3  4  5  6 |
---------------+-------------------+-----
Unarmed Combat | 1 2 3 4 6 7 |  7.0
Fighting       | |  1.5
Throwing       | |  3.6
Dodging        | |  1.5
Stealth        | |  0.3

Action                   |  1- 3 |  4- 6 || total
-------------------------+-------+-------++-------
Melee: Unarmed           |    73 |   132 ||   205
       Punch             |     1 |       ||     1
Throw: Large rock        |     2 |     3 ||     5
       Stone             |     6 |    10 ||    16
  Use: Potion            |       |     1 ||     1
 Stab: Sleeping          |       |     3 ||     3
  Eat: Chunk             |    13 |    21 ||    34
Armor: Robe              |    24 |    48 ||    72
Dodge: Dodged            |    32 |    68 ||   100
